AoeStats
← THL

Arabia

506987837Analyzed
1v1 RM · 16d ago on Sep 16, 2026· 43m 57s· 2 players
Game mode
Random Map
Map size
Tiny (2 player)
Population
200
Speed
Normal
Resources
Standard
Victory
Conquest
Starting age
Dark Age
Ending age
Imperial Age
RankedLock teamsTeams togetherTeam positionsShared explorationLock speedFull tech treeHidden civsTurbo modeCheats
Victory
Defeat
🇻🇳 Berbers · Vietnam
1779
+16
🇨🇳 Khitans · China
1778
-16
Player91341922
6:30 Loom
9:17 Feudal Age
11:33 Double-Bit Axe
13:29 Domestication
14:57 Forging
20:28 Castle Age
18:38 Gold Mining
20:20 Padded Archer Armor
20:11 Fletching
20:24 Padded Archer Armor
20:41 Heavy Cavalry Archer
21:26 Bodkin Arrow
21:41 Thumb Ring
22:27 Wheelbarrow
22:12 Thumb Ring
22:23 Bow Saw
23:17 Town Watch
23:38 Husbandry
25:06 Ballistics
24:48 Heavy Cavalry Archer
26:42 Town Patrol
27:54 Hand Cart
28:08 Leather Archer Armor
28:40 Scale Barding Armor
30:29 Elite Skirmisher
36:12 Imperial Age
35:01 Pikeman
35:42 Squires
35:44 Scale Mail Armor
37:17 Conscription
37:15 Stone Mining
38:29 Two-Man Saw
39:53 Chemistry
39:00 Bracer
41:31 Ring Archer Armor
THL
6:00 Loom
8:53 Feudal Age
9:43 Double-Bit Axe
19:56 Castle Age
18:45 Gold Mining
18:36 Horse Collar
20:31 Fletching
20:52 Bow Saw
20:56 Bloodlines
22:22 Bodkin Arrow
22:29 Husbandry
22:50 Padded Archer Armor
24:00 Husbandry
27:44 Wheelbarrow
27:47 Ballistics
32:27 Leather Archer Armor
33:20 Stone Mining
37:04 Imperial Age
35:04 Scale Barding Armor
35:45 Hand Cart
36:32 Chain Barding Armor
38:21 Plate Barding Armor
37:08 Heavy Camel Rider
38:44 Forging
38:47 Heavy Plow
39:13 Light Cavalry
39:17 Elite Skirmisher
40:02 Thumb Ring
41:35 Chemistry
41:01 Conscription
40:53 Hussar
41:37 Bracer
42:14 Iron Casting
Connection lost

Rejoining the realm…

Still unreachable

The connection could not be restored.

Session expired

The server has moved on; the page needs a fresh start.